 Dungeon Crawl Stone Soup version 0.26-a0-61-g6c07f0ee8d (webtiles) character file.

Game seed: 10685009536464991429

2847 Lauz the Thaumaturge (level 9, -3/45 HPs)
             Began as a Deep Elf Conjurer on June 9, 2020.
             Was a Believer of Vehumet.
             Slain by a water moccasin (10 damage)
             ... on level 7 of the Dungeon.
             The game lasted 00:26:58 (7665 turns).

Lauz the Thaumaturge (Deep Elf Conjurer)            Turns: 7665, Time: 00:26:58

Health: -3/45      AC:  6    Str:  5    XL:     9   Next: 46%
Magic:  18/27      EV: 14    Int: 24    God:    Vehumet [**....]
Gold:   311        SH:  0    Dex: 15    Spells: 28/32 levels left

rFire    . . .     SeeInvis .   p - +0 dagger
rCold    . . .     Gourm    .   (no shield)
rNeg     . . .     Faith    .   i - +2 animal skin
rPois    .         Spirit   .   q - +0 helmet
rElec    .         Reflect  .   (no cloak)
rCorr    .         Harm     .   (no gloves)
MR       .....                  d - +0 pair of boots
Stlth    ++........             (no amulet)
HPRegen  0.15/turn              (no ring)
MPRegen  0.20/turn              (no ring)

@: no status effects
A: no striking features
a: Renounce Religion


You were on level 7 of the Dungeon.
You worshipped Vehumet.
Vehumet was pleased with you.
You were not hungry.

You visited 2 branches of the dungeon, and saw 8 of its levels.

You collected 311 gold pieces.

Inventory:

Hand Weapons
 p - a +0 dagger (weapon)
Armour
 a - a +0 robe
 d - a +0 pair of boots (worn)
 i - a +2 animal skin (worn)
 q - a +0 helmet (worn)
 z - a +3 leather armour of poison resistance
Jewellery
 y - an uncursed ring of teleportation
Wands
 n - a wand of paralysis (8)
 C - a wand of flame (7)
Scrolls
 b - 5 scrolls of immolation
 h - 3 scrolls of fog
 j - 2 scrolls of magic mapping
 k - 8 scrolls of identify
 l - 2 scrolls of amnesia
 o - 2 scrolls of teleportation
 s - a scroll of enchant weapon {unknown}
 u - a scroll of noise {unknown}
 B - 2 scrolls of random uselessness {unknown}
Potions
 e - 2 potions of brilliance {unknown}
 f - a potion of invisibility {unknown}
 g - 2 potions of ambrosia
 m - a potion of magic {unknown}
 r - 2 potions of lignification {unknown}
 t - 2 potions of flight {unknown}
 v - a potion of heal wounds
 w - 3 potions of curing {unknown}
 x - a potion of haste {unknown}
 A - a potion of might {unknown}
 D - a potion of stabbing {unknown}
 F - a potion of cancellation {unknown}
Comestibles
 c - 22 rations
 E - 2 chunks of flesh


   Skills:
 + Level 0.3 Fighting
 + Level 3.5 Dodging
 - Level 2.4 Stealth
 + Level 12.1 Spellcasting
 + Level 10.7 Conjurations


You had 28 spell levels left.
You knew the following spells:

 Your Spells              Type           Power        Failure   Level  Hunger
a - Magic Dart            Conj           ####         1%          1    None
b - Searing Ray           Conj           ######       1%          2    None
c - Shock                 Conj/Air       ####         1%          1    None

Your spell library contained the following spells:

 Spells                   Type           Power        Failure   Level  Hunger
 Dazzling Flash           Conj/Hex       #####.       1%          3    None
 Beastly Appendage        Tmut           ##....       4%          1    None
 Fulminant Prism          Conj/Hex       #####.....   4%          4    None
 Iskenderun's Mystic Bla  Conj/Tloc      #####...     4%          4    None
 Sticks to Snakes         Tmut           ##......     6%          2    None
 Spider Form              Tmut/Pois      ##........   13%         3    None
 Ice Form                 Ice/Tmut       ##......     38%         4    None
 Blade Hands              Tmut           ##........   75%         5    ###....


Dungeon Overview and Level Annotations

Branches:
Dungeon (7/15)             Temple (1/1) D:5

Altars:
Ashenzari
Cheibriados
Elyvilon
Makhleb
Nemelex Xobeh
Qazlal
Ru
Sif Muna
Trog
Uskayaw
Vehumet
Wu Jian
Xom
Yredelemnul
Zin
The Shining One

Shops:
D:7 !

Annotations:
D:5 1 runed translucent door, funkygono's ghost, novice GrFi


Message History

Aim: an orc, wielding a +0 club The searing ray hits the hippogriff!
The hippogriff is almost dead.
The searing ray hits the orc!
You kill the orc!
Vehumet accepts your kill.
You feel your power returning. (Press . to maintain the ray.)
The hippogriff bites you.
* * * LOW HITPOINT WARNING * * *
The hippogriff closely misses you. The hippogriff barely misses you.
The searing ray hits the hippogriff!
You kill the hippogriff!
Vehumet accepts your kill.
Your Spellcasting skill increases to level 12!
Unknown command.
The searing ray hits the water moccasin!
The water moccasin is heavily wounded.
The water moccasin bites you!
You die...

###### ..#)$
S..$ .# ..#
....######)#####
........@Sl....#
######.########
##.# #..# #.##
########.#
.........#
######.## #.#


You could see a water moccasin and a leopard gecko.

Vanquished Creatures
  A hippogriff (D:7)
  A spriggan (D:7)
  Eustachio (D:6)
  A hungry ghost (D:7)
  A sky beast (D:5)
  2 orc warriors
  An ice beast (D:6)
  3 ogres
  A centaur (D:6)
  2 big kobolds
  Blork the orc (D:6)
  5 scorpions
  A bullfrog zombie (D:6)
  A gnoll shaman (D:5)
  3 hounds
  7 orc priests
  A bullfrog skeleton (D:7)
  8 orc wizards
  4 worker ants
  2 hound skeletons
  Robin (D:2)
  12 gnolls
  8 adders
  4 shadow imps
  An adder skeleton (D:5)
  2 worms
  A dart slug (D:2)
  4 leopard geckos
  24 orcs
  8 bats
  5 giant cockroaches
  13 goblins
  7 hobgoblins
  5 jackals
  6 quokkas
  3 frilled lizards
  8 kobolds
  A leopard gecko zombie (D:6)
  4 rats
164 creatures vanquished.

Vanquished Creatures (others)
  A withered plant (D:5)
1 creature vanquished.

Grand Total: 165 creatures vanquished

Notes
Turn   | Place    | Note
-------+----------+-------------------------------------------
     0 | D:1      | Lauz the Deep Elf Conjurer began the quest for the Orb.
     0 | D:1      | Reached XP level 1. HP: 10/10 MP: 6/6
     7 | D:1      | Noticed a merfolk zombie
    12 | D:1      | Noticed a merfolk zombie
    16 | D:1      | Noticed a merfolk zombie
    16 | D:1      | Noticed a minotaur zombie
   552 | D:1      | Reached XP level 2. HP: 15/15 MP: 6/8
   561 | D:1      | Learned a level 2 spell: Searing Ray
   870 | D:2      | Reached skill level 5 in Conjurations
  1120 | D:2      | Reached XP level 3. HP: 11/19 MP: 4/9
  1175 | D:2      | Noticed Robin
  1179 | D:2      | Killed Robin
  1464 | D:2      | Reached XP level 4. HP: 24/24 MP: 0/11
  1747 | D:2      | Found a glowing golden altar of the Shining One.
  1993 | D:2      | Reached XP level 5. HP: 28/28 MP: 6/12
  2279 | D:2      | Reached skill level 4 in Spellcasting
  2625 | D:3      | Found a basalt altar of Yredelemnul.
  3126 | D:3      | Reached skill level 5 in Spellcasting
  3126 | D:3      | Reached XP level 6. HP: 32/32 MP: 0/15
  3797 | D:4      | Reached skill level 6 in Spellcasting
  4013 | D:4      | Reached XP level 7. HP: 36/36 MP: 12/19
  4105 | D:4      | Found a shattered altar of Ashenzari.
  4252 | D:5      | Entered Level 5 of the Dungeon
  4268 | D:5      | Found a staircase to the Ecumenical Temple.
  4277 | Temple   | Entered the Ecumenical Temple
  4419 | Temple   | Became a worshipper of Vehumet
  4450 | D:5      | Reached skill level 7 in Spellcasting
  4677 | D:5      | Reached skill level 8 in Spellcasting
  4796 | D:5      | Found a shimmering blue altar of Sif Muna.
  4934 | D:5      | Found an ornate altar of the Wu Jian Council.
  4956 | D:5      | Found a runed translucent door.
  4956 | D:5      | Noticed funkygono's ghost (novice GrFi)
  5515 | D:6      | Reached skill level 9 in Spellcasting
  5515 | D:6      | Reached XP level 8. HP: 41/41 MP: 17/23
  5751 | D:6      | Reached * piety under Vehumet
  5751 | D:6      | Offered knowledge of Freeze by Vehumet.
  5972 | D:6      | Reached skill level 10 in Spellcasting
  6013 | D:6      | Noticed Eustachio
  6027 | D:6      | Killed Eustachio
  6109 | D:6      | Found a bloodstained altar of Trog.
  6299 | D:6      | Noticed Blork the orc
  6305 | D:6      | Killed Blork the orc
  6865 | D:7      | Reached skill level 11 in Spellcasting
  6975 | D:7      | Found Hoat Reivo's Distillery.
  6987 | D:7      | Reached XP level 9. HP: 45/45 MP: 19/26
  7042 | D:7      | Reached skill level 10 in Conjurations
  7483 | D:7      | Offered knowledge of Shock by Vehumet.
  7490 | D:7      | Learned a level 1 spell: Shock
  7663 | D:7      | Reached ** piety under Vehumet
  7664 | D:7      | Reached skill level 12 in Spellcasting
  7665 | D:7      | Slain by a water moccasin

Illustrated notes

Levels and vault maps discovered:
D:1:      shiori_arrival_whats_in_store_for_you, layout_loops_ring, nrook_uturn
D:2:      layout_rooms, tso_metal_star, first_ration, chequers_avenue,
          uniq_robin
D:3:      layout_loops_ring, nicolae_overflow_crystal_walls, minivault_11
D:4:      layout_rooms, lemuel_crystal_altar
D:5:      layout_cave_pools, nicolae_overflow_hidden_temple, kennysheep_mini,
          temple_fountains, gammafunk_ghost_grave, minmay_chambers_of_fives
D:6:      minmay_chambers_of_fours, layout_basic, trog_book, uniq_eustachio,
          uniq_blork_the_orc
D:7:      minmay_thinvault, layout_cave_pools, okawaru_gym_becter,
          old_standard_altar, serial_shops, shop, the_bakery
Temple:   minmay_temple_curvy_loop

Skill      XL: |  1  2  3  4  5  6  7  8  9 |
---------------+----------------------------+-----
Conjurations   | 5 6 7 8 9 10 | 10.7
Spellcasting   | 5 6 9 11 12 | 12.1
Dodging        | 3 |  3.5
Fighting       | |  0.3
Stealth        | |  2.4

Action                   |  1- 3 |  4- 6 |  7- 9 || total
-------------------------+-------+-------+-------++-------
Melee: Dagger            |       |     3 |       ||     3
 Cast: Magic Dart        |    48 |   113 |   147 ||   308
       Searing Ray       |     3 |    12 |    43 ||    58
       Shock             |       |       |     1 ||     1
  Use: Scroll            |       |       |     8 ||     8
  Eat: Chunk             |     1 |     8 |    11 ||    20
Armor: Robe              |     4 |       |       ||     4
       Animal skin       |       |     9 |    12 ||    21
Dodge: Dodged            |     9 |    14 |    19 ||    42

Table legend:
 A = Non-vault XP
 B = Vault XP
 C = Vault XP percentage of total XP
 D = Non-vault monster count
 E = Vault monster count
 F = Vault count percentage of total count
                 A         B        C        D         E       F
            +---------+---------+-------+---------+---------+-------
      Total |    2891 |    1177 |  28.9 |     138 |      26 |  15.9
            +---------+---------+-------+---------+---------+-------
        D:1 |      26 |       4 |  13.3 |      14 |       2 |  12.5
        D:2 |     232 |      32 |  12.1 |      29 |      10 |  25.6
        D:3 |     121 |       0 |   0.0 |      18 |       0 |   0.0
        D:4 |     347 |       0 |   0.0 |      13 |       0 |   0.0
        D:5 |     412 |     120 |  22.6 |      16 |       4 |  20.0
        D:6 |     735 |     545 |  42.6 |      20 |       7 |  25.9
        D:7 |    1018 |     476 |  31.9 |      28 |       3 |   9.7
            +---------+---------+-------+---------+---------+-------
